 Dungeon Crawl Stone Soup version 0.28.0-43-g3370ac3207 (webtiles) character file.

Game seed: 1516488997036328778

8836 Peloso the Carver (level 11, -2/99 HPs)
             Began as a Minotaur Fighter on Mar 20, 2022.
             Was an Elder of Okawaru.
             Slain by a frost giant
             ... wielding a +2 battleaxe of freezing
              (22 damage)
             ... on level 10 of the Dungeon.
             The game lasted 00:14:13 (11280 turns).

Peloso the Carver (Minotaur Fighter)               Turns: 11280, Time: 00:14:14

Health: -2/99      AC: 21    Str: 22    XL:     11   Next: 15%
Magic:  10/10      EV: 11    Int:  5    God:    Okawaru [****..]
Gold:   514        SH:  6    Dex: 13    Spells: 10/10 levels left

rFire   . . .      SeeInvis .   a - +2 scimitar
rCold   . . .      Faith    .   c - +0 buckler
rNeg    . . .      Spirit   .   r - +0 plate armour
rPois   .          Reflect  .   G - +1 hat
rElec   .          Harm     .   l - +1 cloak of Starlight {*Dazzle EV+4 Stlth--}
rCorr   .          Rampage  .   (no gloves)
Will    .....                   z - +2 pair of boots
Stlth   ..........              (no amulet)
HPRegen 0.26/turn               (no ring)
MPRegen 0.12/turn               (no ring)

@: no status effects
A: horns 2, retaliatory headbutt
a: Renounce Religion, Heroism, Finesse


You were on level 10 of the Dungeon.
You worshipped Okawaru.
Okawaru was greatly pleased with you.
You visited 2 branches of the dungeon, and saw 11 of its levels.

You collected 514 gold pieces.

Inventory:

Hand Weapons
 a - a +2 scimitar (weapon)
 b - a +2 whip of flaming
Missiles
 A - a throwing net (quivered)
Armour
 c - a +0 buckler (worn)
 l - the +1 cloak of Starlight (worn) {*Dazzle EV+4 Stlth--}
   (You found it on level 2 of the Dungeon)

   It may blind those who miss an attack against the wearer in melee combat.
   EV:        It affects your evasion (+4).
   Stlth:     It makes you much less stealthy.
 r - a +0 plate armour (worn)
 z - a +2 pair of boots (worn)
 G - a +1 hat (worn)
Jewellery
 F - a ring of wizardry
Wands
 q - a wand of flame (33)
 H - a wand of iceblast (4)
Scrolls
 e - 4 scrolls of enchant armour {unknown}
 f - 5 scrolls of identify {unknown}
 g - 6 scrolls of teleportation {unknown}
 j - 2 scrolls of amnesia {unknown}
 n - 2 scrolls of blinking {unknown}
 u - 6 scrolls of enchant weapon {unknown}
 x - 2 scrolls of summoning {unknown}
 y - 2 scrolls of noise {unknown}
 B - 2 scrolls of magic mapping {unknown}
 D - a scroll of silence {unknown}
 E - a scroll of vulnerability {unknown}
 I - 2 scrolls of immolation {unknown}
 J - a scroll of holy word {unknown}
Potions
 d - 4 potions of might
 h - 5 potions of attraction {unknown}
 i - a potion of ambrosia {unknown}
 k - a potion of flight {unknown}
 m - 2 potions of resistance {unknown}
 o - a potion of lignification {unknown}
 p - a potion of brilliance {unknown}
 s - a potion of cancellation {unknown}
 t - 2 potions of heal wounds {unknown}
 v - 2 potions of haste {unknown}
 w - 3 potions of curing {unknown}
 C - 2 potions of mutation {unknown}
 K - a potion of invisibility {unknown}


   Skills:
 + Level 10.1 Fighting
 + Level 13.2 Long Blades
 + Level 10.5 Armour
 + Level 2.4 Dodging
 + Level 2.7 Stealth
 + Level 7.8 Shields
 + Level 1.3 Evocations


You had 10 spell levels left.
You didn't know any spells.
Your spell library contained the following spells:

 Spells                   Type           Power      Damage    Failure   Level
 Blink                    Tloc           0%         N/A       100%        2
 Gell's Gravitas          Tloc           0%         N/A       100%        3
 Lesser Beckoning         Tloc           0%         N/A       100%        3
 Teleport Other           Tloc           0%         N/A       100%        3
 Lee's Rapid Deconstruct  Erth           0%         3d5*      100%        5
 Manifold Assault         Tloc           0%         N/A       100%        5
 Dispersal                Tloc           0%         N/A       100%        6
 Statue Form              Tmut/Erth      0%         N/A       100%        6
 Summon Small Mammal      Summ           Unusable   N/A       N/A         1
 Spellforged Servitor     Conj/Summ      Unusable   N/A       N/A         7

Dungeon Overview and Level Annotations

Branches:
Dungeon (10/15)            Temple (1/1) D:7
   Lair: D:8-11         Orc: D:9-12

Altars:
Ashenzari
Cheibriados
Dithmenos
Elyvilon
Fedhas
Gozag
Hepliaklqana
Kikubaaqudgha
Makhleb
Nemelex Xobeh
Okawaru
Qazlal
Ru
Sif Muna
Trog
Uskayaw
Vehumet
Wu Jian
Xom
Yredelemnul
Zin
The Shining One

Shops:
D:6 :=[   D:10 (

Annotations:
D:5 3 runed translucent doors, Ablot's ghost, novice GnWr


Innate Abilities, Weirdness & Mutations

You have a pair of horns on your head.
You reflexively headbutt those who attack you in melee.


Message History

There is an open door, spattered with blood here.
Items here: ( )))) [ †††††.
A wyvern comes into view.
A wyvern is nearby!
The wyvern hisses angrily.
The wyvern bites you but does no damage.
You closely miss the wyvern. The wyvern bites you. x2
You slash the wyvern! Your headbutt misses the wyvern.
The wyvern is moderately wounded.
The wyvern barely misses you.
The wyvern is temporarily struck blind!
You slash the wyvern! Your headbutt misses the wyvern.
The wyvern is almost dead.
The wyvern barely misses you.
You hit the wyvern but do no damage.
The wyvern is almost dead.
The wyvern closely misses you.
You hit the wyvern.
You kill the wyvern!
Okawaru accepts your kill.
A killer bee comes into view.
The killer bee buzzes angrily.
There is a dry fountain here.
A killer bee is nearby!
You slash the killer bee! Your headbutt misses the killer bee.
The killer bee is severely wounded.
You block the killer bee's attack.
A frost giant comes into view.
It is wielding a +2 battleaxe of freezing.
The killer bee stings you but does no damage.
You barely miss the killer bee.
The frost giant shouts!
You headbutt the killer bee.
You kill the killer bee!
Okawaru accepts your kill.
The frost giant gestures at you while chanting.
The bolt of cold hits you!!!
The frost giant gestures at you while chanting.
The bolt of cold hits you!!
* * * LOW HITPOINT WARNING * * *
The frost giant hits you with a +2 battleaxe of freezing!!
You die...

... .... .. .... .. #..# .
#..###. #..##.#######
#########
#..##.#.....#♣♣........
#..##.#.♣ ♣.♣♣†###########.♣
#.....[.♣ ♣....C@...⌠....'..
......#.♣♣♣.♣♣.###########.♣
##....#.†...#♣♣..
#.##.####### ### #.#### #.#
#.# #.# ##.#


You could see a frost giant.

Vanquished Creatures
  2 two-headed ogres (D:10)
  Maggie (D:6)
  Psyche (D:9)
  A kobold demonologist (D:8)
  2 trolls (D:10)
  A hornet (D:8)
  Prince Ribbit (D:6)
  A meliai zombie (D:10)
  A vampire (D:8)
  2 wyverns (D:10)
  Sigmund (D:3)
  2 wraiths (D:10)
  5 yaks
  2 vampire mosquitoes (D:10)
  A steam dragon (D:9)
  3 water moccasins
  5 orc warriors
  2 ice beasts
  2 necrophages (D:4)
  4 centaurs
  3 ogres
  A phantom (D:5)
  2 kobold brigands
  A bullfrog (D:4)
  A gnoll sergeant (D:7)
  A water moccasin zombie (D:4)
  A wyvern skeleton (D:7)
  A killer bee (D:10)
  11 wights
  6 howler monkeys
  2 centaur zombies
  3 hounds
  A jelly (D:6)
  A human zombie (D:4)
  4 orc priests
  Jessica (D:2)
  Ijyb (D:3)
  10 orc wizards
  Natasha (thrice) (D:2)
  2 iguanas (D:6)
  2 killer bee zombies
  A hound zombie (D:4)
  3 mummies (D:4)
  A howler monkey zombie (D:7)
  8 adders
  4 gnolls (D:7)
  A shadow imp (D:8)
  A white imp (D:7)
  An ufetubus (D:6)
  2 adder zombies (D:4)
  An adder skeleton (D:4)
  2 worms
  17 orcs
  3 ball pythons
  6 bats
  8 endoplasms
  A giant cockroach (D:1)
  4 goblins
  11 hobgoblins
  3 jackals (D:1)
  A quokka (D:1)
  14 kobolds
  8 rats
199 creatures vanquished.

Vanquished Creatures (others)
  8 plants (D:10)
8 creatures vanquished.

Grand Total: 207 creatures vanquished

Notes
Turn   | Place    | Note
-------+----------+-------------------------------------------
     0 | D:1      | Peloso the Minotaur Fighter began the quest for the Orb.
     0 | D:1      | Reached XP level 1. HP: 19/19 MP: 0/0
   203 | D:1      | Reached XP level 2. HP: 27/27 MP: 1/1
   463 | D:1      | Found a faded altar of an unknown god.
  1001 | D:2      | Reached XP level 3. HP: 33/33 MP: 2/2
  1004 | D:2      | Noticed Natasha
  1012 | D:2      | Killed Natasha
  1013 | D:2      | Reached skill level 3 in Long Blades
  1274 | D:2      | Found the +1 cloak of Starlight {*Dazzle EV+4 Stlth--}
  1294 | D:2      | Reached XP level 4. HP: 37/40 MP: 3/3
  1672 | D:2      | Got the Grimoire of Dusty Summoning
  1940 | D:2      | Noticed Natasha
  1946 | D:2      | Killed Natasha
  1947 | D:2      | Reached skill level 4 in Long Blades
  1957 | D:2      | Noticed Jessica
  1962 | D:2      | Killed Jessica
  1963 | D:2      | Reached XP level 5. HP: 44/47 MP: 4/4
  2191 | D:2      | Noticed Natasha
  2200 | D:2      | Killed Natasha
  2272 | D:3      | Noticed Sigmund
  2275 | D:3      | Noticed a centaur
  2579 | D:3      | Killed a centaur
  2580 | D:3      | Reached skill level 5 in Long Blades
  2580 | D:3      | Reached skill level 1 in Dodging
  2580 | D:3      | Reached XP level 6. HP: 8/53 MP: 5/5
  2859 | D:3      | Killed Sigmund
  2860 | D:3      | Reached skill level 5 in Armour
  2860 | D:3      | Reached skill level 1 in Stealth
  3105 | D:3      | Noticed Ijyb
  3115 | D:3      | Killed Ijyb
  3283 | D:3      | Reached skill level 5 in Fighting
  3780 | D:4      | Reached skill level 6 in Long Blades
  3780 | D:4      | Reached XP level 7. HP: 49/61 MP: 6/6
  4646 | D:4      | Reached skill level 5 in Shields
  5046 | D:4      | Found an ancient bone altar of Kikubaaqudgha.
  5070 | D:4      | Reached skill level 7 in Long Blades
  5090 | D:4      | Reached XP level 8. HP: 56/70 MP: 7/7
  5241 | D:5      | Entered Level 5 of the Dungeon
  5345 | D:5      | Found a runed translucent gate.
  5346 | D:5      | Found a runed translucent gate.
  5346 | D:5      | Found a runed translucent gate.
  5349 | D:5      | Noticed Ablot's ghost (novice GnWr)
  5607 | D:5      | Reached skill level 8 in Long Blades
  6545 | D:6      | Noticed Maggie
  6548 | D:6      | Reached skill level 9 in Long Blades
  6560 | D:6      | Killed Maggie
  6561 | D:6      | Reached XP level 9. HP: 51/78 MP: 8/8
  6815 | D:6      | Noticed Prince Ribbit
  6820 | D:6      | Killed Prince Ribbit
  6938 | D:6      | Found Sunyuhir's Antique Armour Boutique.
  6939 | D:6      | Found Beufymep's Jewellery Shop.
  6941 | D:6      | Found Bikoulu's Book Boutique.
  7744 | D:7      | Found a burning altar of Makhleb.
  7919 | D:7      | Found a staircase to the Ecumenical Temple.
  8005 | D:7      | Reached skill level 10 in Long Blades
  8605 | Temple   | Entered the Ecumenical Temple
  8612 | Temple   | Became a worshipper of Warmaster Okawaru
  8661 | D:8      | Noticed a kobold demonologist
  8666 | D:8      | Killed a kobold demonologist
  9167 | D:8      | Found a broken altar of Ashenzari.
  9347 | D:8      | Found a basalt altar of Yredelemnul.
  9361 | D:8      | Reached skill level 11 in Long Blades
  9361 | D:8      | Reached XP level 10. HP: 89/89 MP: 9/9
  9600 | D:8      | Reached skill level 1 in Evocations
  9724 | D:9      | Reached * piety under Okawaru
 10152 | D:9      | Found an opulent altar of Gozag.
 10196 | D:9      | Reached ** piety under Okawaru
 10390 | D:9      | Noticed Psyche
 10397 | D:9      | Killed Psyche
 10398 | D:9      | Reached skill level 12 in Long Blades
 10408 | D:9      | Found a shimmering blue altar of Sif Muna.
 10652 | D:9      | Found a sparkling altar of Nemelex Xobeh.
 10812 | D:10     | Entered Level 10 of the Dungeon
 10825 | D:10     | Found Weatashrihank's Weapon Shoppe.
 10843 | D:10     | Noticed a two-headed ogre
 10851 | D:10     | Killed a two-headed ogre
 10852 | D:10     | Reached skill level 10 in Armour
 11004 | D:10     | Reached *** piety under Okawaru
 11094 | D:10     | Noticed a two-headed ogre
 11103 | D:10     | Killed a two-headed ogre
 11113 | D:10     | Reached skill level 13 in Long Blades
 11113 | D:10     | Reached XP level 11. HP: 78/97 MP: 8/10
 11146 | D:10     | Reached **** piety under Okawaru
 11182 | D:10     | Reached skill level 10 in Fighting
 11276 | D:10     | Noticed a frost giant
 11280 | D:10     | Slain by a frost giant

Illustrated notes

Levels and vault maps discovered:
D:1:      nicolae_arrival_washed_ashore, layout_rooms,
          shapermc_ecumenical_altar_ellora, minmay_fountain_box
D:2:      layout_basic, minmay_pentomino_s4, uniq_natasha, uniq_jessica
D:3:      layout_loops_cross, st_stairs_14, palyth_stone_intersect, uniq_ijyb,
          uniq_sigmund
D:4:      nicolae_cairo_tiling_large, layout_loops_corners,
          lemuel_mausoleum_altar_kikubaaqudgha
D:5:      nicolae_cairo_tiling_large_dashed, layout_basic,
          ebering_ghost_rock_garden, kennysheep_path_1
D:6:      layout_loops_ring, nicolae_wooded_promenade, uniq_prince_ribbit1,
          uniq_maggie
D:7:      layout_basic, general_overflow_altar, minmay_temple_entry_hall
D:8:      layout_basic, evilmike_ruin_ashenzari, mainiacjoe_overflow_24_doors,
          nzn_life_drinkers
D:9:      layout_roguey, old_standard_altar, kennysheep_orc_sif_temple,
          nemelex_altar_shiori, minmay_misc_feat_more_columns, minivault_16,
          uniq_psyche
D:10:     nzn_winding_woodlands_large [nzn_winding_woodlands_5x5_checkerboard,
          nzn_winding_woodlands_5x15_sidewinder,
          nzn_winding_woodlands_5x5_cross,
          nzn_winding_woodlands_center_diamonds,
          nzn_winding_woodlands_15x15_killbox,
          nzn_winding_woodlands_center_garden,
          nzn_winding_woodlands_5x5_open_star,
          nzn_winding_woodlands_5x15_longhouse,
          nzn_winding_woodlands_5x5_perimeter], layout_long_grid, serial_shops,
          nicolae_stop_n_shop_1, nicolae_shop_bloodbath_and_beyond,
          shop_fountains, grunt_ministairs_12, hangedman_decor_points
Temple:   nicolae_temple_no_exploring_needed

Skill      XL: |  1  2  3  4  5  6  7  8  9 10 11 |
---------------+----------------------------------+-----
Fighting       | 4 5 6 8 9 10 | 10.1
Armour         | 4 5 6 8 9 10 | 10.5
Shields        | 4 5 6 7 |  7.8
Long Blades    | 3 4 5 6 7 9 11 13 | 13.2
Dodging        | 1 2 |  2.4
Stealth        | 1 2 |  2.7
Evocations     | 1 |  1.3

Action                   |  1- 3 |  4- 6 |  7- 9 | 10-12 || total
-------------------------+-------+-------+-------+-------++-------
Melee: Long sword        |    67 |    99 |   229 |       ||   395
       Headbutt          |     7 |    16 |    64 |    40 ||   127
       Scimitar          |       |       |    89 |   184 ||   273
Invok: Heroism           |       |       |       |     1 ||     1
Evoke: Wand              |       |       |     8 |     2 ||    10
 Stab: Invisible         |       |     3 |     2 |     6 ||    11
Armor: Scale mail        |    46 |    30 |       |       ||    76
       Plate armour      |       |     1 |   165 |    88 ||   254
Dodge: Dodged            |    34 |    49 |   149 |    71 ||   303
Block: Buckler           |    18 |    24 |    77 |    42 ||   161
